 Dungeon Crawl Stone Soup version 0.31-a0-1327-g8c40ea976f (webtiles) character file.

Game seed: 3545039460154510585

1404 Avanven the Basher (level 8, -9/53 HPs)
             Began as a Gargoyle Fighter on Dec 21, 2023.
             Killed from afar by an acid dragon (15 damage)
             ... with a splash of acid
             ... on level 5 of the Dungeon.
             The game lasted 00:10:17 (5546 turns).

Avanven the Basher (Gargoyle Fighter)               Turns: 5546, Time: 00:10:18

Health: -9/53      AC: 19    Str: 22    XL:     8   Next: 70%
Magic:  8/8        EV: 14    Int:  9    God:
Gold:   403        SH:  4    Dex:  9    Spells: 7/7 levels left

rFire   . . .        m - +3 morningstar
rCold   + . .        c - +0 buckler
rNeg    + . .        l - +2 ice dragon scales
rPois   ∞            (no helmet)
rElec   +            (no cloak)
rCorr   .            i - +0 pair of gloves
SInv    .            (no boots)
Will    .....        w - amulet of magic regeneration Stlth
                     r - +5 ring of evasion
HPRegen 0.28/turn    g - ring of fire
MPRegen 0.51/turn

%: no passive effects
@: no status effects
A: sickness immunity, AC +5, negative energy resistance 1, electricity
resistance, torment resistance 1, petrification resistance
a: no special abilities


You were on level 5 of the Dungeon.
You visited 1 branch of the dungeon, and saw 5 of its levels.
You also visited: Sewer.

You collected 403 gold pieces.

Inventory:

Hand Weapons
 m - a +3 morningstar (weapon)
 n - a +2 flail of protection
 v - a +0 flail of holy wrath
Armour
 c - a +0 buckler (worn)
 i - a +0 pair of gloves (worn)
 l - +2 ice dragon scales (worn)
Jewellery
 g - a ring of fire (right hand)
 r - a +5 ring of evasion (left hand)
 w - an amulet of magic regeneration (around neck)
 y - an amulet of the acrobat
Wands
 s - a wand of iceblast (7)
Scrolls
 a - 3 scrolls of silence
 d - a scroll of poison
 f - a scroll of fear
 j - a scroll of teleportation
 x - a scroll of identify
Potions
 b - 2 potions of magic
 e - 3 potions of brilliance
 h - 2 potions of invisibility
 k - 2 potions of mutation
 o - a potion of attraction {unknown}
 p - a potion of haste {unknown}
 q - 2 potions of curing {unknown}
 t - 2 potions of enlightenment {unknown}
 u - a potion of heal wounds {unknown}


   Skills:
 + Level 7.4 Fighting
 * Level 8.7 Maces & Flails
 - Level 3.2 Armour
 - Level 3.2 Shields


You had 7 spell levels left.
You didn't know any spells.
Your spell library contained the following spells:

 Spells                   Type           Power      Damage    Failure   Level
 Freeze                   Ice            0%         1d3       85%         1
 Sandblast                Erth           0%         2d4       85%         1
 Passwall                 Alch/Erth      0%         N/A       94%         2
 Static Discharge         Conj/Air       0%         3-3/arc   94%         2
 Frozen Ramparts          Ice            0%         1d1       99%         3
 Hailstorm                Conj/Ice       0%         3d5       99%         3
 Stone Arrow              Conj/Erth      0%         3d7       99%         3
 Airstrike                Air            0%         2d(0-16)  100%        4
 Brom's Barrelling Bould  Conj/Erth      0%         2d3       100%        4
 Summon Lightning Spire   Summ/Air       0%         N/A       100%        4


Dungeon Overview and Level Annotations

Branches:
Dungeon (5/15)              Sewer (visited)
 Temple: D:4-7

Altars:
Dithmenos
Gozag
Uskayaw

Shops:
D:3 :


Innate Abilities, Weirdness & Mutations

You are immune to sickness and miasma.
Your stone body is resilient. (AC +5)
You are immune to poison.
You resist negative energy. (rN+)
You are resistant to electric shocks. (rElec)
You are resistant to unholy torment.
You are immune to petrification.


Message History

Temujin's ghost is severely damaged.
Temujin's ghost hits you but does no damage.
You barely miss temujin's ghost.
Temujin's ghost is severely damaged.
Temujin's ghost hits you.
You thump temujin's ghost!
You destroy temujin's ghost!
You puncture the acid dragon!
The acid dragon is heavily wounded.
The acid dragon spits acid at you. The splash of acid hits you!!
You hit the acid dragon.
The acid dragon is severely wounded.
The acid dragon closely misses you.
The acid dragon claws you but does no damage.
You hit the acid dragon.
The acid dragon is severely wounded.
The acid dragon bites you but does no damage.
The acid dragon barely misses you. The acid dragon spits acid at you.
The splash of acid hits you!
* * * LOW HITPOINT WARNING * * *
Okay, then.
You puncture the acid dragon!
The acid dragon is almost dead.
The acid dragon barely misses you.
The acid dragon claws you but does no damage.
You closely miss the acid dragon.
The acid dragon is almost dead.
The acid dragon barely misses you. The acid dragon claws you.
* * * LOW HITPOINT WARNING * * *
You barely miss the acid dragon.
The acid dragon is almost dead.
The acid dragon bites you but does no damage.
The acid dragon misses you.
You closely miss the acid dragon.
The acid dragon is almost dead.
The acid dragon spits acid at you. The splash of acid hits you!
You die...

#.# #......# #.##.##.# #.#
##......# #.##.##.# #.#
#.......# #....##.#
#.####.#.....# #.#####.#
#...##.#.....# #.#####.#
###.......#### #.......###
#.##.##.### #.#.......#
#.##......######.#.#####.####
#.........oD@....#.#####.....
#.##.##..#########.##........
#>......##∩8.## #.##.##.##..
####.#..#o$$.$# #.##.##.##..
# #.#.D'.$$.8# #.......##..
## #....'._8.∩# ####.##.....
.### ###[.'..$$8# ##.#####.#
#..# #..#.$...# ##..#####..
.#.### #..##.8∩## #.......###


You could see an acid dragon (catching breath) and an orc.

Vanquished Creatures
  The ghost of temujin the Conjurer, a novice HuCj (D:5)
  An ice beast (D:5)
  An ogre (D:5)
  A centaur (D:5)
  A phantom (D:5)
  2 bullfrogs (Sewer)
  A scorpion (D:4)
  5 hounds
  A jelly (D:5)
  An orc priest (D:2)
  3 iguanas
  An orc wizard (D:2)
  5 gnolls
  8 adders
  5 river rats (Sewer)
  2 ufetubi (D:5)
  A worm (D:2)
  2 dart slugs (D:1)
  7 orcs
  12 endoplasms
  4 giant cockroaches
  7 goblins
  11 hobgoblins
  4 jackals
  8 quokkas
  20 ball pythons
  10 bats
  7 frilled lizards
  2 kobolds
  30 rats
164 creatures vanquished.

Notes
Turn   | Place    | Note
-------+----------+-------------------------------------------
     0 | D:1      | Avanven the Gargoyle Fighter began the quest for the Orb.
     0 | D:1      | Reached XP level 1. HP: 14/14 MP: 1/1
    95 | D:1      | Reached XP level 2. HP: 18/19 MP: 2/2
   279 | D:1      | Reached skill level 3 in Maces & Flails
   279 | D:1      | Reached XP level 3. HP: 24/24 MP: 3/3
   877 | D:1      | Found a faded altar of an unknown god.
  1274 | D:2      | Reached XP level 4. HP: 28/29 MP: 4/4
  1578 | D:2      | Reached skill level 4 in Maces & Flails
  1587 | D:2      | Reached XP level 5. HP: 28/34 MP: 5/5
  2352 | D:3      | Found Vuqoar's Book Shoppe.
  2374 | D:3      | Reached skill level 5 in Maces & Flails
  2374 | D:3      | Reached XP level 6. HP: 34/40 MP: 6/6
  2457 | D:3      | Found a hide-covered altar of Uskayaw.
  2700 | D:3      | Reached skill level 5 in Fighting
  3282 | D:4      | Reached skill level 6 in Maces & Flails
  3282 | D:4      | Reached XP level 7. HP: 22/44 MP: 7/7
  3402 | D:4      | Found a glowing drain.
  3411 | Sewer    | Entered a sewer
  4475 | D:4      | Reached skill level 7 in Maces & Flails
  4760 | D:5      | Entered Level 5 of the Dungeon
  4798 | D:5      | Found a runed translucent gate.
  4799 | D:5      | Found a runed translucent gate.
  4799 | D:5      | Found an opulent altar of Gozag.
  4800 | D:5      | Found a runed translucent gate.
  4955 | D:5      | Found a shadowy altar of Dithmenos.
  4967 | D:5      | Reached XP level 8. HP: 52/52 MP: 8/8
  5051 | D:5      | Noticed temujin's ghost (novice HuCj)
  5095 | D:5      | Reached skill level 8 in Maces & Flails
  5539 | D:5      | Killed temujin's ghost
  5546 | D:5      | Killed from afar by an acid dragon

Illustrated notes

Levels and vault maps discovered:
D:1:      minmay_arrival_three_doors, layout_basic,
          shapermc_ecumenical_altar_mp_vishouse, minmay_heptomino_w4
D:2:      layout_basic
D:3:      layout_basic, mainiacjoe_overflow_six_doors_small, serial_shops, shop,
          nrook_campfire, minmay_box_of_dots
D:4:      layout_basic, portal_sewer_entry_e, serial_rivers,
          chequers_serial_rivers_micro_c, chequers_serial_rivers_micro_e,
          chequers_serial_rivers_large_a, chequers_serial_rivers_micro_c,
          minmay_pentomino_pile
D:5:      layout_loops_cross, grunt_dithmenos_shadows, ebering_ghost_gozag

Skill      XL: |  1  2  3  4  5  6  7  8 |
---------------+-------------------------+-----
Maces & Flails | 3 4 5 6 7 8 |  8.7
Fighting       | 4 5 6 7 |  7.4
Armour         | |  3.2
Shields        | |  3.2

Action                     |  1- 3 |  4- 6 |  7- 9 || total
---------------------------+-------+-------+-------++-------
  Melee: Flail             |   110 |       |       ||   110
         Morningstar       |    29 |   232 |   223 ||   484
    Use: Scroll            |       |     5 |    15 ||    20
         Potion            |       |       |     1 ||     1
 Armour: Scale mail        |    69 |       |       ||    69
         Ice dragon scales |    66 |   200 |   160 ||   426
  Dodge: Dodged            |    94 |   138 |   282 ||   514
  Block: Buckler           |    41 |    51 |    76 ||   168

Table legend: (Time is in decaauts)
 A = Elapsed time spent in this place.
 B = Non-inter-level travel time spent in this place.
 C = Inter-level travel time spent in this place.
 D = Time resting spent in this place.
 E = Time spent auto-exploring this place.
 F = Levels seen in this place.
 G = Mean time per level.
                   A        B        C        D        E       F      G
               +--------+--------+--------+--------+--------+-----+--------+
         Total |   5800 |   5626 |    174 |    394 |   3654 |   6 |  966.7 |
       Dungeon |   4915 |   4741 |    174 |     85 |   3540 |   5 |  983.0 |
         Sewer |    884 |    884 |      0 |    309 |    114 |   1 |  884.0 |
               +--------+--------+--------+--------+--------+-----+--------+

Top non-repeatable levels by time:
     D:1: 1250 daAuts
     D:4: 1094 daAuts
     D:3: 894 daAuts
   Sewer: 884 daAuts
     D:2: 881 daAuts
     D:5: 795 daAuts
